 Dungeon Crawl Stone Soup version 0.31.0-9-g3a7656b989 (console) character file.

Game seed: 17887023518204452352

91571 robbje the Lord of Darkness (level 16, -6/129 HPs)
             Began as a Human Necromancer on Feb 3, 2024.
             Was the Champion of Kikubaaqudgha.
             Killed from afar by an eleionoma (23 damage)
             ... with a spray of wooden splinters
             ... on level 1 of the Swamp on Feb 6, 2024.
             The game lasted 02:42:08 (43444 turns).

robbje the Lord of Darkness (Human Necromancer)    Turns: 43444, Time: 02:42:08

Health: -6/129     AC: 12    Str:  8    XL:     16   Next: 3%
Magic:  15/30      EV: 26    Int: 28    God:    Kikubaaqudgha [******]
Gold:   2221       SH:  6    Dex: 16    Spells: 15/35 levels left

rFire   + . .        G - +6 demon blade (elec)
rCold   . . .        d - +0 buckler
rNeg    . . .        H - +3 leather armour {rF+}
rPois   .            A - +2 hat
rElec   .            B - +0 cloak
rCorr   +            S - +0 pair of gloves
SInv    .            N - +0 pair of boots
Will    +....        D - amulet of the acrobat
Stlth   ++           c - +6 ring of intelligence
HPRegen 0.41/turn    M - ring of resist corrosion
MPRegen 0.22/turn

%: acrobat
@: acrobatic
A: explore regen
a: Renounce Religion, Unearth Wretches, Torment, Brand Weapon With Pain, Receive
Forbidden Knowledge


You were on level 1 of the Swamp.
You worshipped Kikubaaqudgha.
Kikubaaqudgha was exalted by your worship.
You visited 5 branches of the dungeon, and saw 23 of its levels.

You collected 4062 gold pieces.
You spent 1841 gold pieces at shops.

Inventory:

Hand Weapons
 z - a +2 scimitar of flaming
 G - a +6 demon blade of electrocution (weapon)
 R - a +1 long sword of distortion
Missiles
 p - a curare-tipped dart
 x - 42 poisoned darts
Armour
 d - a +0 buckler (worn)
 A - a +2 hat (worn)
 B - a +0 cloak (worn)
 H - a +3 leather armour of fire resistance (worn)
 N - a +0 pair of boots (worn)
 P - a +0 chain mail of willpower
 S - a +0 pair of gloves (worn)
Jewellery
 c - a +6 ring of intelligence (left hand)
 r - a +6 ring of dexterity
 D - an amulet of the acrobat (around neck)
 J - a ring of see invisible
 M - a ring of resist corrosion (right hand)
 O - a +5 ring of evasion
 U - a +4 ring of protection
Wands
 a - a wand of flame (42)
 f - a wand of polymorph (8)
 j - a wand of iceblast (11)
 o - a wand of mindburst (13)
 F - a wand of paralysis (12)
 V - a wand of quicksilver (9)
Scrolls
 e - 3 scrolls of amnesia
 g - 2 scrolls of fear
 i - 3 scrolls of vulnerability
 k - 6 scrolls of teleportation
 l - 3 scrolls of immolation
 m - 9 scrolls of noise
 s - a scroll of enchant armour
 y - a scroll of poison
 E - 4 scrolls of blinking
 I - 3 scrolls of revelation
 K - a scroll of torment
 Q - 4 scrolls of summoning
 Z - a scroll of fog
Potions
 b - a potion of magic
 h - 7 potions of mutation
 n - 3 potions of haste
 q - 5 potions of curing
 t - 3 potions of berserk rage
 v - 3 potions of might
 w - a potion of brilliance
 C - 3 potions of attraction
 L - a potion of heal wounds
 T - 2 potions of resistance
 W - 2 potions of enlightenment
 X - 2 potions of lignification
 Y - 2 potions of invisibility


   Skills:
 + Level 12.4 Fighting
 - Level 14.0 Long Blades
 - Level 2.0 Throwing
 + Level 6.2 Armour
 - Level 2.0 Dodging
 - Level 2.0 Stealth
 + Level 6.2 Shields
 - Level 10.0 Spellcasting
 - Level 14.0 Necromancy
 - Level 10.0 Earth Magic


You had 15 spell levels left.
You knew the following spells:

 Your Spells              Type           Power      Damage    Failure   Level
a - Necrotise             Necr           100%       1d9       1%          1
b - Vampiric Draining     Necr           75%        2d11      1%          3
c - Borgnjor's Vile Clut  Necr/Erth      34%        N/A       1%          5
d - Animate Dead          Necr           75%        N/A       1%          4
e - Dispel Undead         Necr           75%        3d25      1%          4
f - Fugue of the Fallen   Necr           75%        N/A       1%          3

Your spell library contained the following spells:

 Spells                   Type           Power      Damage    Failure   Level
 Kiss of Death            Conj/Necr      100%       2d13      1%          1
 Cigotuvi's Dreadful Rot  Necr/Alch/Air  80%        N/A       1%          2
 Sublimation of Blood     Necr           75%        N/A       1%          2
 Curse of Agony           Necr           75%        N/A       1%          5
 Anguish                  Hex/Necr       26%        N/A       4%          4
 Martyr's Knell           Necr/Summ      52%        N/A       4%          4
 Slow                     Hex            56%        N/A       8%          1
 Leda's Liquefaction      Alch/Erth      21%        N/A       10%         4
 Petrify                  Alch/Erth      42%        N/A       10%         4
 Mercury Vapours          Alch/Air       28%        N/A       12%         2
 Call Canine Familiar     Summ           14%        N/A       24%         3
 Confusing Touch          Hex            14%        N/A       24%         3
 Frozen Ramparts          Ice            28%        1d5       24%         3
 Inner Flame              Hex/Fire       14%        N/A       24%         3
 Mephitic Cloud           Conj/Alch/Air  14%        N/A       24%         3
 Sigil of Binding         Hex            14%        N/A       24%         3
 Dimensional Bullseye     Hex/Tloc       7%         N/A       61%         4
 Flame Wave               Conj/Fire      14%        2d6       61%         4
 Ignite Poison            Fire/Alch      14%        N/A       61%         4
 Sticky Flame             Fire/Alch      14%        2d5       61%         4
 Vhi's Electric Charge    Tloc/Air       28%        N/A       61%         4
 Arcjolt                  Conj/Air       7%         1d17      91%         5
 Freezing Cloud           Conj/Ice/Air   7%         6-21      91%         5
 Metabolic Englaciation   Hex/Ice        7%         N/A       91%         5
 Summon Forest            Summ/Tloc      7%         N/A       91%         5
 Summon Mana Viper        Hex/Summ       14%        N/A       91%         5
 Plasma Beam              Fire/Air       7%         2x1d17    100%        6
 Summon Cactus Giant      Summ           7%         N/A       100%        6


Dungeon Overview and Level Annotations

Branches:
Dungeon (14/15)            Temple (1/1) D:5            Lair (5/5) D:9
  Swamp (1/4) Lair:2       Spider (0/4) Lair:2        Slime (0/5) Lair:4
    Orc (2/2) D:11            Elf (0/3) Orc:2        Vaults (0/5) D:14

Altars:
Ashenzari
Cheibriados
Dithmenos
Elyvilon
Fedhas
Gozag
Hepliaklqana
Kikubaaqudgha
Makhleb
Nemelex Xobeh
Okawaru
Qazlal
Ru
Sif Muna
Trog
Uskayaw
Vehumet
Wu Jian
Xom
Yredelemnul
Zin
The Shining One

Shops:
D:2 (   D:3 :   D:4 *   D:5 :*:=   D:8 (*   D:9 *   D:13 *   Orc:2 ?*=*

Portals:
Abyss: D:7

Annotations:
D:4 Grinder
D:7 2 transporters, Melody's ghost, novice TrFi
D:12 1 runed translucent door
D:13 1 runed translucent door, Muvum's ghost, journeyman KoDe
Lair:4 3 runed translucent doors, lurch's ghost, journeyman OpSu


Innate Abilities, Weirdness & Mutations

You regain HP and MP as you explore.


Message History

The eleionoma is healed.
Casting: Borgnjor's Vile Clutch (mildly dangerous; 1% risk of failure)
Confirm with . or Enter, or press ? or * to list all spells.
Aiming: Borgnjor's Vile Clutch (mildly dangerous; 1% risk of failure)
Press: ? - help, Shift-Dir - straight line, f/p - alligator
Aim: an alligator (moderately wounded, 100% to hit)
Zombie hands grab the alligator.
The zombie hands constrict the alligator.
The alligator tail-slaps you.
* * * LOW HITPOINT WARNING * * *
You block the alligator's attack.
You barely miss the eleionoma.
The eleionoma is moderately wounded.
The zombie hands constrict the alligator.
The alligator tail-slaps you but does no damage.
The alligator bites you!!
* * * LOW HITPOINT WARNING * * *
The alligator drags you backwards!
The zombie hands lose their grip on the alligator.
Press: ? - help, v - describe, . - travel
Here: an alligator (heavily wounded)
The floor.
Okay, then.
As you read the scroll of fear, it crumbles to dust.
You assume a fearsome visage.
The alligator looks frightened!
The eleionoma resists with some effort.
Casting: Borgnjor's Vile Clutch (mildly dangerous; 1% risk of failure)
Confirm with . or Enter, or press ? or * to list all spells.
Aiming: Borgnjor's Vile Clutch (mildly dangerous; 1% risk of failure)
Press: ? - help, Shift-Dir - straight line, f - eleionoma, p - alligator
Aim: an eleionoma (moderately wounded, 100% to hit)
Zombie hands grab the eleionoma.
The zombie hands constrict the eleionoma!
The eleionoma hurls a spray of splinters at you.
The spray of wooden splinters hits you!!
* * * LOW HITPOINT WARNING * * *
The zombie hands constrict the eleionoma.
The eleionoma hurls a spray of splinters at you.
The spray of wooden splinters hits you!!
You die...
Kikubaaqudgha rasps: "You have failed me!
Welcome... death!"

~..~.~..~.♣ ......~~~.♣
~~♣♣.~~~~.♣ .♣♣♣.~~~..♣
.~~.~... ..♣♣~~~~.♣♣
♣~~~~.~~. ..~♣.~~..~♣
♣♣♣~~~~........
.~♣♣.....♣♣♣♣♣l.♣[§....~§~.~
..~♣♣...~~.♣♣~~~♣~.....~~..~
..~♣.~~~~~...~~..♣~.~~~.....
§.~~.~~~~§~~~~......~~~~~...
....~~~...~~~...@...~~~~~...
.~~~~~~.~..~~~~~~R...~......
.♣~~~~~.♣♣♣.~~~~~~.....~.~§~
♣.~~~~.♣♣ ♣~.~~~~~.♣~.~~.~~~
♣.~~..♣♣ ♣§.~~~~..♣~.....~.
~♣....♣ ♣♣♣.~~.~♣♣♣..~~...
....~.♣ ♣....♣♣ .....~~
♣>~.♣♣♣ ♣♣♣~♣♣ .....~~ ♣...♣
♣♣♣ ..~..§~ ♣♣.~♣ .~~..~~
♣♣♣♣


You could see an eleionoma (clutched) and an alligator (fleeing).

Vanquished Creatures
  An orc warlord (D:11)
  2 eleionomae
  2 bunyips (Swamp:1)
  Erolcha (Orc:2)
  A catoblepas (D:14)
  4 ogre magi
  3 hydras
  A death knight (D:13)
  3 centaur warriors
  5 boulder beetles
  16 two-headed ogres
  A merfolk avatar (Lair:5)
  15 death yaks
  2 skysharks
  5 skeletal warriors
  A sea snake (Lair:5)
  2 goliath frogs (Swamp:1)
  2 bog bodies (Swamp:1)
  An arcanist (D:13)
  2 harpies (Lair:5)
  A deep elf pyromancer (D:12)
  A phantasmal warrior (D:13)
  3 cyclopes
  3 manticores
  An elephant (Lair:4)
  A kobold blastminer (Orc:1)
  Maggie (D:6)
  3 black mambas
  3 torpor snails
  14 cane toads
  An unseen horror (D:11)
  A gargoyle (D:11)
  A komodo dragon (D:11)
  2 rime drakes (Lair:1)
  Jeremiah (D:6)
  An efreet (D:14)
  Psyche (D:12)
  A yaktaur (shapeshifter) (D:14)
  10 polar bears
  A wolf spider simulacrum (D:14)
  8 trolls
  30 blink frogs
  A wind drake (Lair:5)
  4 hornets
  8 slime creatures
  A spriggan (Swamp:1)
  2 wraiths
  45 yaks
  7 wyverns
  Eustachio (D:4)
  3 basilisks
  4 vampire mosquitoes (D:14)
  3 wargs
  7 steam dragons
  2 acid dragons
  A swamp worm (Lair:2)
  Duvessa (D:6)
  Pargi (D:4)
  15 water moccasins
  3 ice beasts
  A sky beast (D:8)
  19 orc warriors
  10 black bears
  4 boggarts (Lair:4)
  12 wolves
  34 ogres
  10 centaurs
  5 kobold brigands
  4 gnoll sergeants
  5 scorpions
  11 bullfrogs
  10 wights
  Dowan (D:6)
  14 killer bees
  6 howler monkeys
  6 electric eels
  16 orc priests
  6 hounds
  3 iguanas
  Jessica (D:3)
  Natasha (thrice) (D:2)
  22 orc wizards
  2 sleepcaps
  18 gnolls
  4 adders
  2 shadow imps
  7 white imps
  An ufetubus (D:14)
  6 dart slugs
  5 ribbon worms
  87 orcs
  7 ball pythons
  8 bats
  8 endoplasms
  2 giant cockroaches (D:1)
  4 hobgoblins
  3 jackals (D:2)
  11 kobolds
  3 quokkas (D:3)
  2 frilled lizards
  5 goblins
  11 rats
667 creatures vanquished.

Vanquished Creatures (collateral kills)
  3 two-headed ogres (Orc:2)
  An orc warrior (Orc:1)
  2 wights (D:8)
  A killer bee (D:8)
  An orc wizard (D:8)
  6 orcs
14 creatures vanquished.

Vanquished Creatures (others)
  An orc knight (Orc:1)
  A deep elf zephyrmancer (D:11)
  A cyclops (D:11)
  A troll (Orc:2)
  7 two-headed ogre zombies (Orc:2)
  3 orc warriors
  4 ogres
  3 bullfrogs
  A bullfrog zombie (D:11)
  5 killer bee zombies (D:8)
  A kobold zombie (D:11)
  4 ogre zombies (Orc:2)
  An endoplasm (D:11)
  2 gnoll zombies (D:11)
  An endoplasm zombie (D:11)
  A goblin (D:11)
  10 orc zombies
  A butterfly (D:7)
48 creatures vanquished.

Grand Total: 729 creatures vanquished

Notes
Turn   | Place    | Note
-------+----------+-------------------------------------------
     0 | D:1      | robbje the Human Necromancer began the quest for the Orb.
     0 | D:1      | Reached XP level 1. HP: 13/13 MP: 3/3
   276 | D:1      | Reached XP level 2. HP: 19/19 MP: 0/5
   711 | D:1      | Reached XP level 3. HP: 24/24 MP: 4/6
   799 | D:1      | Reached skill level 5 in Necromancy
  1064 | D:2      | Learned a level 3 spell: Vampiric Draining
  1338 | D:2      | Found Ciodah's Weapon Shop.
  1427 | D:2      | Noticed Natasha
  1434 | D:2      | Killed Natasha
  1435 | D:2      | Reached XP level 4. HP: 27/30 MP: 0/7
  1641 | D:2      | Noticed Natasha
  1652 | D:2      | Killed Natasha
  1853 | D:2      | Found Ciodah's Weapon Shop.
  2019 | D:2      | Noticed Natasha
  2025 | D:2      | Killed Natasha
  2026 | D:2      | Reached XP level 5. HP: 35/35 MP: 1/8
  2476 | D:2      | Bought 5 stones for 7 gold pieces
  2476 | D:2      | Bought 2 stones for 2 gold pieces
  2476 | D:2      | Bought a +1 sling of flaming for 135 gold pieces
  2476 | D:2      | Bought 6 stones for 8 gold pieces
  2578 | D:3      | Found a faded altar of an unknown god.
  2624 | D:3      | Noticed Sigmund
  2738 | D:3      | Found a hazy altar of Hepliaklqana.
  3049 | D:3      | Noticed Jessica
  3276 | D:4      | Noticed Pargi
  3331 | D:4      | Reached skill level 1 in Throwing
  3689 | D:4      | Found Kaokkos's General Store.
  3701 | D:4      | Bought a scroll of identify for 26 gold pieces
  3780 | D:4      | Noticed Grinder
  3859 | D:4      | Reached XP level 6. HP: 41/41 MP: 0/9
  4284 | D:4      | Killed Pargi
  4285 | D:4      | Reached XP level 7. HP: 46/46 MP: 7/12
  5056 | D:5      | Entered Level 5 of the Dungeon
  5060 | D:5      | Reached skill level 1 in Fighting
  5350 | D:5      | Found Tuheulem's General Store.
  5350 | D:5      | Found Kellu's Book Boutique.
  5350 | D:5      | Found Vaocw's Jewellery Boutique.
  5355 | D:5      | Bought a scroll of identify for 28 gold pieces
  5355 | D:5      | Bought a scroll of identify for 28 gold pieces
  5355 | D:5      | Bought a scroll of teleportation for 42 gold pieces
  5391 | D:3      | Killed Jessica
  5621 | D:3      | Found Xiuc's Book Shoppe.
  5727 | D:3      | Sigmund changed into Sigmund the iguana
  5727 | D:3      | Noticed Sigmund
  5730 | D:3      | Killed Sigmund the iguana
  6015 | D:3      | Identified 2 scrolls of acquirement
  6015 | D:3      | Acquired 822 gold pieces
  6052 | D:3      | Bought the Lectures on Morbid Hypothermia for 352 gold
                  | pieces
  6058 | D:3      | Learned a level 5 spell: Borgnjor's Vile Clutch
  6069 | D:3      | Acquired 936 gold pieces
  6194 | D:5      | Reached XP level 8. HP: 33/61 MP: 0/14
  6358 | D:4      | Reached skill level 5 in Fighting
  6837 | D:5      | Noticed Eustachio
  6852 | D:4      | Killed Eustachio
  7148 | D:5      | Found a staircase to the Ecumenical Temple.
  7171 | Temple   | Entered the Ecumenical Temple
  7226 | Temple   | Became a worshipper of Kikubaaqudgha
  7527 | D:5      | Found Xuitiut's Book Shop.
  8077 | D:6      | Noticed Maggie
  8118 | D:6      | Reached skill level 1 in Earth Magic
  8185 | D:6      | Noticed Jeremiah
  8361 | D:5      | Reached XP level 9. HP: 43/69 MP: 15/15
  8557 | D:6      | Reached skill level 1 in Long Blades
  8860 | D:7      | Noticed Duvessa
  8911 | D:7      | Noticed Dowan
  9004 | D:6      | Reached * piety under Kikubaaqudgha
  9004 | D:6      | Received a gift from Kikubaaqudgha
  9265 | D:6      | Killed Maggie
  9395 | D:6      | Learned a level 4 spell: Animate Dead
  9749 | D:6      | Killed Jeremiah
 10178 | D:6      | Killed Duvessa
 10282 | D:6      | Killed Dowan
 10699 | D:7      | Found a transporter.
 10699 | D:7      | Found a transporter.
 10878 | D:7      | Reached skill level 10 in Necromancy
 11177 | D:7      | Reached XP level 10. HP: 76/76 MP: 10/16
 11296 | D:7      | Found a burning altar of Makhleb.
 11353 | D:7      | Found a white marble altar of Elyvilon.
 11409 | D:7      | Found a shadowy altar of Dithmenos.
 11432 | D:7      | Found a one-way gate to the infinite horrors of the Abyss.
 11444 | D:7      | Noticed Melody's ghost (novice TrFi)
 11501 | D:8      | Found Mienynk's Weapon Boutique.
 11677 | D:8      | Reached skill level 5 in Earth Magic
 11683 | D:8      | Reached skill level 5 in Long Blades
 12701 | D:8      | Noticed a moth of wrath
 12809 | D:8      | Found a bloodstained altar of Trog.
 13220 | D:8      | Found Ugiqig's Serpentskin Sales.
 13791 | D:8      | Reached ** piety under Kikubaaqudgha
 14037 | D:9      | Found a snail-covered altar of Cheibriados.
 14410 | D:8      | Reached skill level 5 in Spellcasting
 14515 | D:9      | Reached XP level 11. HP: 72/81 MP: 5/18
 14962 | D:9      | Found Huciuj's Assorted Antiques.
 14971 | D:9      | Bought a scroll of teleportation for 51 gold pieces
 14972 | D:9      | Bought a pair of gloves for 76 gold pieces
 14991 | D:9      | Found a glowing golden altar of the Shining One.
 15045 | D:9      | Identified the +1 scale mail "Abaz" {Slay+3 SInv Stlth-}
 15231 | D:9      | Found a staircase to the Lair.
 15583 | Lair:1   | Entered Level 1 of the Lair of Beasts
 15664 | Lair:1   | Reached skill level 1 in Shields
 17600 | D:8      | Bought +0 swamp dragon scales for 750 gold pieces
 17916 | Lair:1   | Reached skill level 1 in Armour
 18528 | Lair:1   | Reached *** piety under Kikubaaqudgha
 18528 | Lair:1   | Received a gift from Kikubaaqudgha
 18531 | Lair:1   | Reached XP level 12. HP: 88/88 MP: 12/21
 18869 | Lair:2   | Reached skill level 10 in Long Blades
 19561 | Lair:2   | Noticed an eleionoma
 20180 | Lair:2   | Found a hole to the Spider Nest.
 20501 | Lair:2   | Killed an eleionoma
 20915 | Lair:2   | Found a staircase to the Swamp.
 20929 | Lair:1   | Reached skill level 5 in Shields
 22199 | Lair:3   | Noticed an eight-headed hydra
 22224 | Lair:3   | Killed an eight-headed hydra
 22509 | Lair:3   | Reached skill level 5 in Armour
 22667 | Lair:3   | Noticed a death yak
 22817 | Lair:3   | Noticed a death yak
 22849 | Lair:3   | Killed a death yak
 23245 | Lair:3   | Noticed a death yak
 23245 | Lair:3   | Noticed a death yak
 23245 | Lair:3   | Noticed a death yak
 23245 | Lair:3   | Noticed a death yak
 23660 | Lair:1   | Learned a level 4 spell: Dispel Undead
 23796 | Lair:2   | Killed a death yak
 23797 | Lair:2   | Reached XP level 13. HP: 69/93 MP: 8/22
 25301 | Lair:3   | Reached **** piety under Kikubaaqudgha
 26386 | Lair:4   | Found a runed translucent gate.
 26388 | Lair:4   | Found a runed translucent gate.
 26389 | Lair:4   | Found a runed translucent gate.
 26398 | Lair:4   | Noticed a minotaur
 26400 | Lair:4   | Noticed lurch's ghost (journeyman OpSu)
 26965 | Lair:4   | Found a staircase to the Slime Pits.
 27243 | Lair:5   | Entered Level 5 of the Lair of Beasts
 27580 | Lair:5   | Paralysed by a hornet for 2 turns
 28540 | Lair:5   | Reached XP level 14. HP: 60/100 MP: 13/25
 30094 | Lair:5   | Reached ***** piety under Kikubaaqudgha
 31527 | D:10     | Entered Level 10 of the Dungeon
 31727 | D:10     | Found a shimmering altar of Xom.
 32381 | D:10     | Found a sparkling altar of Nemelex Xobeh.
 32421 | D:10     | Found a stormy altar of Qazlal.
 32597 | D:11     | Reached skill level 10 in Earth Magic
 33231 | D:11     | Found a staircase to the Orcish Mines.
 33646 | D:11     | You fall into a shaft and drop 3 floors!
 34569 | Orc:1    | Entered Level 1 of the Orcish Mines
 34569 | Orc:1    | Noticed an orc warlord
 34684 | D:12     | Noticed Psyche
 34693 | D:12     | Paralysed by Psyche for 3 turns
 34773 | D:12     | Killed Psyche
 35332 | D:12     | Found a runed translucent door.
 35797 | D:12     | Noticed a frost giant
 35800 | D:12     | Noticed a fire giant
 36012 | D:13     | Found a runed translucent door.
 36018 | D:13     | Found Nunetz's Demolitions Depot.
 36262 | D:13     | Reached XP level 15. HP: 78/112 MP: 18/28
 36652 | D:13     | Noticed Muvum's ghost (journeyman KoDe)
 36658 | D:13     | Identified the +0 trident of Disintegration {freeze, Dex+7}
 37355 | D:14     | Found a gate to the Vaults.
 37643 | D:14     | Reached ****** piety under Kikubaaqudgha
 38539 | D:11     | Learned a level 3 spell: Fugue of the Fallen
 38557 | D:11     | Killed an orc warlord
 38957 | Orc:2    | Entered Level 2 of the Orcish Mines
 39000 | Orc:1    | Reached skill level 10 in Spellcasting
 39005 | Orc:1    | Reached skill level 10 in Fighting
 39557 | Orc:2    | Noticed Erolcha
 39820 | Orc:2    | Killed Erolcha
 39945 | Orc:2    | Found a staircase to the Elven Halls.
 39988 | Orc:2    | HP: 3/117 [something (3)]
 42090 | Orc:2    | Found Ihifioq's General Store.
 42090 | Orc:2    | Found Byvutop's Jewellery Shop.
 42091 | Orc:2    | Found Wexamar's General Store.
 42091 | Orc:2    | Found Povymn's Magic Scroll Emporium.
 42098 | Orc:2    | Bought a scroll of fear for 60 gold pieces
 42098 | Orc:2    | Bought a potion of heal wounds for 75 gold pieces
 42098 | Orc:2    | Bought a scroll of teleportation for 45 gold pieces
 42100 | Orc:2    | Bought 3 scrolls of identify for 72 gold pieces
 42100 | Orc:2    | Bought a scroll of fear for 48 gold pieces
 42100 | Orc:2    | Bought a scroll of teleportation for 36 gold pieces
 42340 | Swamp:1  | Entered Level 1 of the Swamp
 43065 | Swamp:1  | Reached XP level 16. HP: 57/129 MP: 24/30
 43444 | Swamp:1  | Killed from afar by an eleionoma

Illustrated notes

Levels and vault maps discovered:
D:1:      saegor_arrival_simple_a, layout_rooms, serial_curves, eino_curves_04,
          eino_curves_02
D:2:      layout_loops_ring, serial_shops, shop, minmay_misc_feat_ornament,
          st_stairs_13, uniq_natasha
D:3:      layout_basic, mainiacjoe_overflow_paths,
          hellmonk_ecumenical_altar_blasted, serial_shops,
          nicolae_shop_peninsula, grunt_ministairs_4, uniq_jessica, uniq_sigmund
D:4:      layout_basic, serial_shops, shop, nicolae_the_louvre, uniq_grinder,
          uniq_pargi
D:5:      layout_cave_pools, minmay_temple_entry_waves, serial_shops,
          nicolae_shop_peninsula, serial_bayou_pond_c,
          nicolae_shop_distant_corner_stores, uniq_eustachio
D:6:      layout_loops_cross, uniq_jeremiah, uniq_maggie
D:7:      layout_basic, mainiacjoe_overflow_alcove_4,
          nicolae_elyvilon_peaceful_grove, grunt_dithmenos_shadows,
          lightli_bailey_entry_fortress, gammafunk_ghost_abyssal_escape,
          uniq_duvessa
D:8:      layout_cave_pods, tgw_trog, serial_shops, nicolae_shop_scrapyard,
          fountainhead, solitary_fountain, guppyfry_shop_venom
D:9:      layout_rooms, mainiacjoe_overflow_surrounded_room,
          cheibriados_altar_1, minmay_lair_entry_grove, serial_shops,
          nicolae_shop_just_a_little_nook
D:10:     layout_long_grid, amcnicky_altar_gilded, mainiacjoe_overflow_swirl,
          lemuel_flamethrower_2
D:11:     layout_irregular_city, kennysheep_orc_monster_closet_entryway,
          serial_bayou, serial_bayou_pond_e, serial_bayou_pond_d,
          serial_bayou_pond_d, serial_bayou_shore_a, serial_bayou_ford_a,
          serial_bayou_pond_b
D:12:     layout_irregular_city, kennysheep_treasure_room, uniq_psyche
D:13:     layout_loops_ring, ebering_ghost_funeral_grove,
          chequers_serial_rivers_micro_e, nicolae_blasting_shop
D:14:     layout_big_octagon, chequers_decorated_corner, serial_ice,
          serial_ice_f, serial_ice_e, serial_ice_m, serial_ice_b
Temple:   nicolae_temple_slightly_damp_pantheon
Lair:1:   layout_hall_layers, grunt_megastairs_3
Lair:2:   beast_lair_carwin_large_4, layout_hall_layers,
          alex1729_swamp_entry_worm_eleionoma, spider_nest_entry_web_field
Lair:3:   layout_regular_city, nicolae_volcano_entry_hallway,
          beast_lair_carwin_11
Lair:4:   layout_roguey, slime_entry_1, serial_rivers,
          chequers_serial_rivers_small_a, chequers_serial_rivers_micro_d,
          chequers_serial_rivers_marsh, chequers_serial_rivers_micro_a,
          chequers_serial_rivers_room_a, chequers_serial_rivers_small_a,
          maelrawn_ghost_gauntlet_escape, kilobyte_rumbling_trees,
          infiniplex_staircase_pool_2, lemuel_fruit_tree
Lair:5:   gammafunk_lair_ancient_temple, layout_gridlike
Swamp:1:  layout_basic_swamp, nicolae_swamp_fairy_circle, ldierk_geyser,
          swamp_pool_1_2, nicolae_swamp_super_fun_site
Orc:1:    layout_caves, basic_altar
Orc:2:    st_orc_ogre_mass, layout_diamond_mine, uniq_erolcha

Skill      XL: |  1  2  3  4  5  6  7  8  9 10 11 12 13 14 15 |
---------------+----------------------------------------------+-----
Necromancy     | 5 6 7 9 10 12 13 14 | 14.0
Throwing       | 2 |  2.0
Spellcasting   | 3 4 5 6 7 9 10 | 10.0
Fighting       | 4 6 8 12 | 12.4
Earth Magic    | 1 4 5 7 9 10 | 10.0
Long Blades    | 4 8 9 11 12 13 14 | 14.0
Shields        | 3 5 6 |  6.2
Armour         | 2 5 6 |  6.2
Dodging        | |  2.0
Stealth        | |  2.0

Action                     |  1- 3 |  4- 6 |  7- 9 | 10-12 | 13-15 | 16-18 || total
---------------------------+-------+-------+-------+-------+-------+-------++-------
  Melee: Unarmed           |     1 |       |       |       |       |       ||     1
         Short sword       |       |     3 |       |       |       |       ||     3
         Falchion          |       |       |   121 |   337 |   345 |       ||   803
         Punch             |       |       |     5 |     4 |       |       ||     9
         Demon blade       |       |       |       |       |   394 |    16 ||   410
   Fire: Sling             |       |     6 |    22 |       |       |       ||    28
  Throw: Dart              |       |     1 |       |       |       |       ||     1
   Cast: Necrotise         |    56 |    41 |   104 |    39 |    28 |       ||   268
         Vampiric Draining |     1 |    16 |    89 |   244 |   312 |       ||   662
         Borgnjor's Vile C |       |       |     4 |    66 |   129 |     6 ||   205
         Animate Dead      |       |       |     2 |     2 |     7 |       ||    11
         Dispel Undead     |       |       |       |       |    20 |     2 ||    22
         Fugue of the Fall |       |       |       |       |     4 |       ||     4
 Invoke: Unearth Wretches  |       |       |     1 |       |     5 |       ||     6
         Torment           |       |       |       |       |     2 |       ||     2
  Evoke: Wand              |       |     2 |    18 |    22 |    11 |       ||    53
    Use: Scroll            |       |     3 |     9 |     6 |    18 |     1 ||    37
         Potion            |       |       |       |     2 |     6 |       ||     8
   Stab: Paralysed         |       |       |     7 |       |     2 |       ||     9
         Sleeping          |       |       |     1 |       |     3 |       ||     4
 Armour: Leather armour    |     9 |    15 |   120 |   144 |   730 |    20 ||  1038
         Troll leather arm |       |       |    36 |       |       |       ||    36
         Robe              |       |       |    15 |    60 |       |       ||    75
         Swamp dragon scal |       |       |       |   186 |       |       ||   186
         Skin              |       |       |       |     4 |       |       ||     4
         Chain mail        |       |       |       |       |     8 |       ||     8
  Dodge: Dodged            |    10 |    17 |   204 |   620 |   762 |     6 ||  1619
  Block: Buckler           |       |       |       |    32 |   286 |     2 ||   320
